 Dungeon Crawl Stone Soup version 0.20-a0-959-gdc9e609 (webtiles) character file.

11 Goblin1989 the Ducker (level 2, 0/17 HPs)
             Began as a Kobold Gladiator on Apr 6, 2017.
             Slain by a goblin
             ... wielding a +2 dagger of venom
              (5 damage)
             ... on level 1 of the Dungeon.
             The game lasted 00:02:22 (409 turns).

Goblin1989 the Ducker (Kobold Gladiator)             Turns: 409, Time: 00:02:23

Health: 0/17       AC:  6    Str: 11    XL:     2   Next: 40%
Magic:  2/2        EV: 14    Int:  9    God:
Gold:   46         SH:  0    Dex: 16    Spells: 1/1 levels left

rFire    + + .     SeeInvis .   a - +0 quarterstaff
rCold    + + .     Gourm    .   (shield currently unavailable)
rNeg     . . .     Faith    .   d - +0 ring mail
rPois    +         Spirit   .   c - +0 helmet
rElec    +         Reflect  .   i - scarf {rC+ rF+}
rCorr    +         Harm     .   (no gloves)
MR       .....                  (no boots)
Stlth    +.........             (no amulet)
Regen    0.1/turn               (no ring)
MPRegen  0.1/turn               (no ring)

@: lethally poisoned (0 -> -30), resistant
A: carnivore 3
a: no special abilities


You were on level 1 of the Dungeon.
You were completely stuffed.

You visited 1 branch of the dungeon, and saw 1 of its levels.

You collected 46 gold pieces.

Inventory:

Hand Weapons
 a - a +0 quarterstaff (weapon)
Missiles
 m - 14 bolts
 n - 42 sling bullets
 o - 36 stones (quivered)
 Z - 3 throwing nets {!d, =f}
Armour
 c - a +0 helmet (worn)
 d - a +0 ring mail (worn)
 i - a scarf of resistance (worn)
Scrolls
 b - a scroll of identify {unknown}
 e - a scroll of enchant weapon {unknown}
 g - 2 scrolls of teleportation {unknown}
 k - a scroll of amnesia {unknown}
Comestibles
 f - a meat ration {@e2}
 h - a royal jelly
 l - 6 chunks of flesh


   Skills:
 - Level 2.1 Fighting
 + Level 3.3 Staves
 - Level 2.1 Throwing
 - Level 3.6 Dodging


You had one spell level left.
You didn't know any spells.

Dungeon Overview and Level Annotations

Branches:
Dungeon (1/15)

Altars:


Innate Abilities, Weirdness & Mutations

You are small and have problems with some larger weapons.
You are carnivorous and can eat meat at any time.


Message History

No target in view!
No target in view!
No target in view!
No target in view!
No target in view!
No target in view!
No target in view!
No target in view!
No target in view!
No target in view!
You butcher the hobgoblin corpse.
l - 6 chunks of flesh (gained 4)
o - 27 stones A kobold comes into view. It is wielding a dagger.
The kobold shouts!
You sock the kobold!
You kill the kobold!
No target in view!
No target in view!
No target in view!
No target in view!
No target in view!
No target in view!
No target in view!
No target in view!
No target in view!
No target in view!
No target in view!
No target in view!
No target in view!
No target in view!
No target in view!
No target in view!
No target in view!
No target in view!
No target in view!
No target in view!
No target in view!
No target in view!
No target in view!
Things that are here:
a dagger; a kobold corpse
o - 36 stones (gained 9)
A frilled lizard comes into view.
A goblin comes into view. It is wielding a dagger of venom.
The goblin shouts!
The goblin drinks a potion.
The goblin suddenly seems more agile.
The frilled lizard bites you.
You take 2 damage, and have 15/17 hp.
You miss the frilled lizard. The frilled lizard bites you.
You take 1 damage, and have 14/17 hp.
You hit the frilled lizard.
You kill the frilled lizard!
You hit the goblin but do no damage. The goblin hits you but does no damage.
You are poisoned.
You miss the goblin.
You feel sick. The goblin hits you but does no damage.
You are lethally poisoned!
You barely miss the goblin.
You feel sick. The goblin closely misses you.
You barely miss the goblin.
You feel sick. The goblin hits you but does no damage.
You are more poisoned.
You are too injured to fight recklessly!
You are too injured to fight recklessly!
You are too injured to fight recklessly!
You are too injured to fight recklessly!
You are too injured to fight recklessly!
You are too injured to fight recklessly!
You are too injured to fight recklessly!
You are too injured to fight recklessly!
You are too injured to fight recklessly!
You are too injured to fight recklessly!
You are too injured to fight recklessly!
You take 4 damage, and have 10/17 hp.
MASSIVE DAMAGE!!
You are too injured to fight recklessly!
You are too injured to fight recklessly!
You are too injured to fight recklessly!
You are too injured to fight recklessly!
You are too injured to fight recklessly!
You are too injured to fight recklessly!
You are too injured to fight recklessly!
You are too injured to fight recklessly!
You are too injured to fight recklessly!
You are too injured to fight recklessly!
You are too injured to fight recklessly!
You are too injured to fight recklessly!
You are too injured to fight recklessly!
You are too injured to fight recklessly!
Unknown command.
It was a potion of resistance.
You feel protected.
You feel sick.
The goblin hits you with a dagger of venom.
You are more poisoned.
You take 2 damage, and have 8/17 hp.
Unknown command.
You miss the goblin.
* * * LOW HITPOINT WARNING * * *
You feel very sick.
The goblin hits you with a dagger of venom.
You die... ...... ...... █....██ █.....██ █......██ █████ ...█..█ ..... █g...█ █████ █.@..█ ████

█.██...█ █...
█..█...█ █.██
█.██..█████ █.█
█..█......████.██.██
█......)....█.....█
██..............█..
█...........██.█..
█............█.█..


You could see a goblin.

Vanquished Creatures
  3 bats (D:1)
  A giant cockroach (D:1)
  A hobgoblin (D:1)
  2 frilled lizards (D:1)
  A kobold (D:1)
  5 rats (D:1)
13 creatures vanquished.

Notes
Turn   | Place    | Note
-------+----------+-------------------------------------------
     0 | D:1      | Goblin1989 the Kobold Gladiator began the quest for the Orb.
     0 | D:1      | Reached XP level 1. HP: 12/12 MP: 1/1
   233 | D:1      | Reached XP level 2. HP: 17/17 MP: 2/2
   409 | D:1      | Slain by a goblin

Vault maps used:
D:1:      dpeg_arrival_shelter

Skill      XL: |  1 |
---------------+----+-----
Staves         | 3 |  3.3
Fighting       | |  2.1
Throwing       | |  2.1
Dodging        | |  3.6

Action                   || total
-------------------------++-------
Melee: Quarterstaff      ||    30
  Use: Potion            ||     1
  Eat: Chunk             ||     7
Armor: Leather armour    ||     2
       Ring mail         ||     8
Dodge: Dodged            ||    14

Vault maps used:
D:1:      dpeg_arrival_shelter
